Map: Dreamcatcher LE

Players

ShoWTimE

  • Race: Protoss Protoss
  • Spawn Location: 5:00

Clem - Winner!

  • Race: Terran Terran
  • Spawn Location: 11:00

Event: WCS Austin 2018

VOD

Have the link to the VOD?

Description

Time

  • Played on: June 1, 2018, 5:15 p.m.
  • Length: 13:08

All games in this series

Show
View Real Time Build Order
Export as new Build Order

ShoWTimE Protoss 

Build Orders: 1 Gate Expand, Colossus Rush 

Get SALT Encoding   

  12  0:00  Probe  
  13  0:12  Probe  
  14  0:18  Pylon  
  14  0:24  Probe  
  15  0:34  Probe  
  15  0:36  Gateway  
  15  0:42  Probe  
  16  0:48  Assimilator  
  17  0:52  Probe  
  18  1:02  Pylon  
  18  1:04  Probe  
  20  1:18  Probe  
  20  1:32  Nexus  
  20  1:41  Cybernetics Core  
  20  1:44  Probe  
  21  1:49  Assimilator  
  21  1:57  Probe  
  22  2:06  Probe  
  22  2:14  Adept, Probe  
  23  2:19  Warp Gate  
  26  2:23  Probe  
  26  2:27  Robotics Facility  
  27  2:35  Probe  
  27  2:36  Adept  
  28  2:40  Probe  
  30  2:47  Probe  
  30  2:48  Probe  
  33  2:58  Probe  
  33  2:59  Probe  
  35  3:09  Probe  
  35  3:10  Pylon  
  35  3:11  Probe  
  37  3:16  Observer  
  37  3:17  Probe  
  37  3:18  Robotics Bay  
  38  3:20  Assimilator  
  38  3:23  Probe  
  38  3:26  Probe  
  40  3:31  Gateway  
  41  3:35  Probe  
  41  3:37  Probe  
  41  3:38  Observer  
  44  3:42  Assimilator  
  44  3:48  Pylon, Probe  
  45  3:49  Probe  
  45  3:53  Colossus  
  46  4:00  Gateway, Probe  
  46  4:01  Probe  
  48  4:07  Extended Thermal Lance  
  54  4:12  Probe  
  54  4:13  Probe  
  56  4:20  Pylon  
  57  4:24  Probe  
  57  4:25  Probe  
  57  4:30  Sentry  
  60  4:33  Colossus  
  60  4:34  Shield Battery  
  60  4:36  Probe  
  60  4:52  Zealot  
  68  4:53  Pylon  
  68  4:56  Pylon  
  68  5:06  Sentry  
  70  5:10  Nexus  
  70  5:12  Probe x2  
  70  5:14  Pylon  
  72  5:16  Stalker  
  72  5:19  Zealot  
  76  5:30  Colossus  
  76  5:33  Probe x2  
  76  5:34  Nexus  
  84  5:45  Sentry  
  86  5:50  Gateway  
  86  5:51  Sentry  
  86  5:57  Gateway  
  88  6:01  Gateway  
  88  6:02  Sentry  
  88  6:06  Probe x2, Pylon  
  90  6:15  Warp Prism  
  90  6:18  Pylon  
  90  6:23  Probe x2  
  94  6:29  Forge  
  94  6:32  Twilight Council  
  94  6:35  Probe x2  
  94  6:37  Zealot  
  94  6:38  Zealot  
  100  6:42  Stalker  
  100  6:45  Observer  
  100  6:46  Pylon  
  102  6:53  Probe x2  
  102  6:54  Probe  
  106  7:06  Stalker x3  
  106  7:07  Stalker x2  
  116  7:09  Sentry  
  118  7:18  Probe x2  
  118  7:20  Probe  
  119  7:30  Probe x2  
  110  7:39  Stalker x5  
  110  7:40  Stalker  
  98  8:33  Nexus  
  80  9:22  Pylon  
  77  9:36  Observer  
  77  9:55  Gateway  
  77  10:09  Pylon  
  76  10:25  Shield Battery  
  76  10:26  Shield Battery  
  76  10:27  Shield Battery  
  76  10:38  Assimilator  
  76  10:40  Assimilator  
  76  10:41  Pylon  
  76  10:54  Cybernetics Core  
  76  11:03  Pylon  
  76  11:06  Pylon  
  68  11:26  Gateway  
  68  11:27  Pylon  
  68  11:29  Pylon  
  68  11:30  Pylon  
  68  11:39  Nexus  
  68  11:57  Stalker  
  64  12:01  Robotics Facility  
  58  12:22  Sentry  
  58  12:23  Pylon  
  58  12:26  Stalker  
  58  12:45  Stalker  
  60  12:57  Stalker  
Show
View Real Time Build Order
Export as new Build Order

Clem Terran - Winner!

Build Orders: Command Center First (CC), MMM Bio 

Get SALT Encoding   

  12  0:00  SCV  
  13  0:13  SCV  
  14  0:17  Supply Depot  
  14  0:25  SCV  
  15  0:39  SCV  
  16  0:51  SCV  
  17  0:59  Command Center  
  17  1:03  SCV  
  18  1:14  Barracks  
  18  1:17  SCV  
  19  1:29  SCV  
  19  1:31  Barracks  
  20  1:41  SCV  
  20  1:44  Barracks  
  21  1:53  SCV  
  22  2:03  Marine  
  22  2:05  Orbital Command  
  23  2:11  Orbital Command  
  23  2:18  Marine  
  23  2:22  Marine  
  25  2:26  Refinery  
  25  2:28  Refinery  
  25  2:30  SCV  
  25  2:33  Marine  
  25  2:36  Marine  
  29  2:37  SCV  
  29  2:40  Marine  
  30  2:47  SCV  
  30  2:49  SCV  
  32  2:51  Marine  
  32  2:53  Marine, Supply Depot  
  34  2:58  Marine  
  34  2:59  Engineering Bay  
  34  3:00  SCV  
  34  3:04  SCV  
  37  3:11  Marine  
  37  3:12  Barracks Tech Lab  
  38  3:15  SCV  
  38  3:16  SCV  
  38  3:18  Marine  
  38  3:19  Supply Depot  
  41  3:27  SCV  
  41  3:28  SCV  
  41  3:30  Missile Turret  
  41  3:32  Stimpack  
  41  3:33  Barracks Tech Lab  
  42  3:34  Marine  
  42  3:37  Barracks Reactor  
  42  3:39  SCV  
  42  3:40  SCV  
  45  3:42  Supply Depot  
  45  3:51  SCV, Combat Shields  
  45  3:52  Marine  
  45  3:54  Marine  
  48  3:56  SCV  
  48  3:59  Supply Depot  
  49  4:03  SCV  
  49  4:06  Terran Infantry Weapons Level 1  
  49  4:08  SCV  
  51  4:12  Marine x2  
  51  4:15  Marauder x2, SCV  
  58  4:20  Supply Depot, SCV  
  59  4:27  SCV  
  59  4:28  Refinery x2  
  59  4:30  Marine x2  
  62  4:32  SCV  
  62  4:37  Supply Depot  
  63  4:40  Factory  
  63  4:41  SCV  
  64  4:45  Marine x2  
  64  4:47  SCV  
  67  4:54  Marine x2  
  69  5:03  SCV x2  
  69  5:04  Marauder x2  
  75  5:11  Supply Depot  
  75  5:13  Marine x2  
  77  5:14  Command Center  
  77  5:15  SCV x2  
  79  5:25  Marauder  
  79  5:27  SCV  
  82  5:31  Starport, Marine x2  
  82  5:32  Factory Reactor  
  82  5:34  Marauder  
  82  5:35  SCV  
  86  5:39  SCV  
  86  5:41  Supply Depot  
  87  5:44  Barracks  
  87  5:48  Barracks  
  87  5:50  Marine x2  
  87  5:54  SCV x2  
  87  5:56  Marauder  
  92  5:59  Marine  
  93  6:04  Supply Depot  
  93  6:06  SCV x2  
  93  6:07  Concussive Shells  
  95  6:13  Terran Infantry Armor Level 1  
  95  6:14  Factory Reactor  
  95  6:17  Marauder, Medivac  
  95  6:18  Medivac  
  99  6:20  Marine x2  
  101  6:26  Marauder, SCV  
  104  6:36  Orbital Command  
  104  6:38  Marine x2, Barracks Tech Lab  
  104  6:39  Barracks Reactor  
  105  6:43  Supply Depot  
  107  6:47  Marauder, Medivac  
  107  6:50  Supply Depot  
  107  6:52  Medivac  
  115  6:54  Widow Mine x2  
  115  7:00  Armory  
  115  7:02  Engineering Bay  
  115  7:03  SCV x2  
  115  7:08  Marine x2  
  119  7:09  Marauder  
  119  7:11  Marauder  
  120  7:18  Widow Mine x2  
  120  7:19  Medivac  
  124  7:23  Marine  
  124  7:24  Marauder  
  124  7:25  Marine  
  124  7:26  Marine x2, SCV  
  123  7:30  Marine, SCV  
  123  7:32  Marauder  
  108  7:37  Orbital Command  
  108  7:39  Widow Mine, SCV  
  108  7:41  Widow Mine  
  108  7:42  SCV  
  97  7:47  Marine  
  97  7:48  Marauder  
  87  8:00  Widow Mine  
  87  8:03  Widow Mine  
  91  8:06  Marauder, Marine x2  
  91  8:10  Marauder  
  91  8:11  Marine  
  96  8:20  SCV x2  
  96  8:21  SCV  
  96  8:22  Widow Mine  
  96  8:24  Widow Mine  
  98  8:30  Marauder  
  98  8:32  SCV  
  88  8:39  Marauder  
  86  8:42  Marauder, Marine x2  
  86  8:43  Widow Mine  
  86  8:46  Widow Mine  
  90  8:51  Marine  
  77  8:55  SCV  
  77  9:00  Marauder  
  66  9:03  Marauder  
  66  9:05  Widow Mine  
  66  9:07  Widow Mine  
  66  9:09  Orbital Command  
  65  9:13  SCV  
  69  9:26  SCV  
  59  9:38  SCV  
  59  9:40  SCV  
  58  9:46  Barracks x2  
  58  9:50  SCV  
  58  9:52  SCV  
  59  10:02  SCV  
  59  10:04  SCV  
  61  10:07  Barracks Tech Lab  
  61  10:14  SCV  
  61  10:16  SCV  
  61  10:19  Barracks Tech Lab  
  61  10:20  Barracks Tech Lab  
  58  10:26  SCV  
  59  10:28  SCV  
  59  10:29  Supply Depot  
  59  10:30  Supply Depot x2  
  58  10:51  Marauder x2  
  58  10:52  Marauder, Supply Depot  
  63  10:58  Marine  
  62  11:04  Supply Depot  
  62  11:10  Marine  
  59  11:12  Marine  
  59  11:17  Marauder  
  52  11:19  Widow Mine  
  52  11:23  Marine  
  54  11:29  Marauder  
  54  11:30  Marine  
  57  11:34  Marine  
  58  11:41  Marine  
  58  11:42  Marauder  
  58  11:43  SCV  
  58  11:44  SCV  
  60  11:54  Marauder  
  62  11:56  Marine x2  
  62  12:00  SCV  
  62  12:05  SCV  
  62  12:09  Marauder  
  62  12:11  Marine  
  62  12:13  SCV  
  63  12:20  SCV  
  63  12:25  SCV  
  63  12:26  Marine  
  65  12:32  Marine x2, SCV  
  68  12:37  Marine  
  68  12:38  SCV  
  70  12:48  SCV  
  68  12:52  SCV  
Tags
 
Add a new tag
Caveats
  • Supply blocks, unpowered buildings, or Contaminate may cause inaccurate times.
  • Supply counts are checked every 10 seconds.